 Dungeon Crawl Stone Soup version 0.30-a0-4-ga7cffc901d (webtiles) character file.

Game seed: 5625821411973296841

448 Setbun the Sneak (level 7, -5/40 HPs)
             Began as a Kobold Enchanter on Aug 20, 2022.
             Slain by Edmund
             ... wielding a +2 dire flail of distortion
              (10 damage)
             ... on level 4 of the Dungeon.
             The game lasted 00:04:00 (4802 turns).

Setbun the Sneak (Kobold Enchanter)                 Turns: 4802, Time: 00:04:01

Health: -5/40      AC:  2    Str:  6    XL:     7   Next: 24%
Magic:  0/12       EV: 16    Int: 16    God:
Gold:   142        SH:  0    Dex: 17    Spells: 9/12 levels left

rFire   . . .      SeeInvis .    p - +0 falchion (elec)
rCold   . . .      Faith    .    (no shield)
rNeg    . . .      Spirit   +    b - +0 robe
rPois   .          Reflect  .    (no helmet)
rElec   .          Harm     .    (no cloak)
rCorr   .          Rampage  .    (no gloves)
Will    .....                    (no boots)
Stlth   ++++......               g - amulet of guardian spirit
HPRegen 0.13/turn                (no ring)
MPRegen 0.13/turn                (no ring)

@: no status effects
A: small, no large weapons, nightstalker 3
a: no special abilities


You were on level 4 of the Dungeon.
You visited 1 branch of the dungeon, and saw 4 of its levels.

You collected 142 gold pieces.

Inventory:

Hand Weapons
 a - a +1 dagger
 p - a +0 falchion of electrocution (weapon)
Armour
 b - a +0 robe (worn)
Jewellery
 g - an amulet of guardian spirit (around neck)
Wands
 r - a wand of flame (13)
Scrolls
 d - 3 scrolls of teleportation {unknown}
 e - a scroll of acquirement {unknown}
 i - 2 scrolls of immolation {unknown}
 k - 2 scrolls of identify {unknown}
 l - a scroll of silence {unknown}
 n - a scroll of enchant weapon {unknown}
 s - a scroll of noise {unknown}
 t - a scroll of blinking {unknown}
Potions
 c - a potion of invisibility
 f - a potion of might {unknown}
 h - a potion of attraction {unknown}
 j - 2 potions of heal wounds
 m - a potion of brilliance {unknown}
 o - a potion of lignification {unknown}
 q - a potion of curing


   Skills:
 + Level 2.5 Fighting
 * Level 5.1 Short Blades
 + Level 3.9 Dodging
 + Level 5.5 Stealth
 + Level 3.4 Spellcasting
 + Level 3.9 Hexes


You had 9 spell levels left.
You knew the following spells:

 Your Spells              Type           Power      Damage    Failure   Level
a - Confusing Touch       Hex            15%        N/A       11%         3

Your spell library contained the following spells:

 Spells                   Type           Power      Damage    Failure   Level
 Tukima's Dance           Hex            15%        N/A       11%         3
 Ensorcelled Hibernation  Hex/Ice        18%        N/A       12%         2
 Dazzling Flash           Conj/Hex       18%        N/A       24%         3
 Inner Flame              Hex/Fire       9%         N/A       24%         3
 Cause Fear               Hex            7%         N/A       34%         4
 Olgreb's Toxic Radiance  Pois           2%         N/A       87%         4
 Ozocubu's Refrigeration  Ice            1%         4d7       100%        7
 Discord                  Hex            7%         N/A       100%        8
 Ignition                 Fire           1%         3d3       100%        8


Dungeon Overview and Level Annotations

Branches:
Dungeon (4/15)
 Temple: D:4-7

Altars:
Hepliaklqana
Nemelex Xobeh
Sif Muna
Xom
Yredelemnul

Shops:
D:1 [

Annotations:
D:4 Edmund


Innate Abilities, Weirdness & Mutations

You are small and have problems with some larger weapons.
You are completely attuned to the shadows.


Message History

You hit the kobold but do no damage. The kobold closely misses you.
You closely miss the kobold. The kobold barely misses you.
You barely miss the kobold. The kobold hits you with a +0 club.
You hit the kobold but do no damage. The kobold misses you.
The kobold hits you with a +0 club.
You closely miss the kobold. You punch the kobold, but do no damage.
The kobold hits you but does no damage.
You hit the kobold. Lightning courses through the kobold!
You kill the kobold!
No target in view!
No target in view!
No target in view!
No target in view!
No target in view!
No target in view!
No target in view!
No target in view!
No target in view!
No target in view!
You now have 142 gold pieces (gained 9).
Edmund the Younger comes into view.
He is wielding a +2 dire flail of distortion.
Unknown command.
The helpless Edmund fails to defend himself.
You hit Edmund but do no damage. Lightning courses through Edmund!
Edmund is moderately wounded.
Edmund misses you.
You completely miss Edmund.
Edmund is moderately wounded.
Edmund closely misses you.
You slash Edmund! Lightning courses through Edmund!!
Edmund is almost dead.
Edmund hits you with a +2 dire flail of distortion!
Space warps horribly around you!
Edmund hits you with a +2 dire flail of distortion.
Space warps horribly around you!
* * * LOW HITPOINT WARNING * * *
You closely miss Edmund.
Edmund is almost dead.
Edmund hits you with a +2 dire flail of distortion!
You die...

##........ +..(+......>..
#...#......... .#
#+...+##....... .#.#
#.#...###....... .#.#.#
#.#.......####'#.
..#.#.#.#+.......# #.#.
.....#.#.#@#.......# #.#.
.....#.#.#@#.....<..# #.##
+.....+#.#.#.#.#+#.### ##.##
.#.....#.....#.#.#.######....
.#.............#.#.#....##....
#.#.#.#.#.....#.#.#.###.##....
#.#.#.#.......#.#.#.##.##....
#.#.#.#.#+#.#.#.#.###.......
#.#.#.#.#.....#.#.####.....
#.#.#.#.#.#...#.#.#...#.....


You could see Edmund.

Vanquished Creatures
  Sigmund (D:4)
  2 scorpions (D:4)
  Terence (D:3)
  6 adders
  3 worms
  2 dart slugs
  An orc (D:3)
  2 endoplasms
  5 giant cockroaches
  7 hobgoblins
  2 jackals (D:3)
  7 kobolds
  5 quokkas
  4 ball pythons
  8 bats
  2 frilled lizards
  12 goblins
  7 rats
77 creatures vanquished.

Notes
Turn   | Place    | Note
-------+----------+-------------------------------------------
     0 | D:1      | Setbun the Kobold Enchanter began the quest for the Orb.
     0 | D:1      | Reached XP level 1. HP: 10/10 MP: 3/3
   430 | D:1      | Reached XP level 2. HP: 15/15 MP: 5/5
   879 | D:1      | Found Lasuurph's Antique Armour Emporium.
   916 | D:1      | Reached XP level 3. HP: 20/20 MP: 6/6
  1466 | D:2      | Reached skill level 1 in Fighting
  1650 | D:2      | Learned a level 3 spell: Confusing Touch
  1825 | D:2      | Reached XP level 4. HP: 25/25 MP: 7/7
  2595 | D:2      | Found a faded altar of an unknown god.
  2835 | D:3      | Reached XP level 5. HP: 29/29 MP: 9/9
  2907 | D:3      | Found a faded altar of an unknown god.
  2909 | D:3      | Found a sparkling altar of Nemelex Xobeh.
  3525 | D:3      | Noticed Terence
  3534 | D:3      | Killed Terence
  3808 | D:3      | Found a basalt altar of Yredelemnul.
  3869 | D:3      | Found a shimmering altar of Xom.
  3870 | D:3      | Found a hazy altar of Hepliaklqana.
  3872 | D:3      | Noticed a spectral ugly thing
  3977 | D:4      | Reached skill level 5 in Stealth
  3977 | D:4      | Reached XP level 6. HP: 30/35 MP: 8/10
  4311 | D:4      | Noticed Sigmund
  4315 | D:4      | Killed Sigmund
  4316 | D:4      | Reached skill level 5 in Short Blades
  4316 | D:4      | Reached XP level 7. HP: 40/40 MP: 10/12
  4498 | D:4      | Found a shimmering blue altar of Sif Muna.
  4794 | D:4      | Noticed Edmund
  4802 | D:4      | Slain by Edmund

Illustrated notes

Levels and vault maps discovered:
D:1:      psy_arrival_dodecagon, layout_loops_corners, serial_shops, shop
D:2:      minmay_general_purpose_star, layout_loops_corners,
          chequers_ecumenical_altar_island
D:3:      layout_basic, nicolae_overflow_ecumenical_swirl,
          lemuel_coloured_pillars_altar, regret_index_temple_of_mockery,
          uniq_terence
D:4:      layout_basic, general_overflow_altar, uniq_edmund, uniq_sigmund

Skill      XL: |  1  2  3  4  5  6 |
---------------+-------------------+-----
Short Blades   | 2 3 4 5 |  5.1
Fighting       | 1 2 |  2.5
Dodging        | 3 |  3.9
Stealth        | 5 |  5.5
Spellcasting   | 3 |  3.4
Hexes          | |  3.9

Action                   |  1- 3 |  4- 6 |  7- 9 || total
-------------------------+-------+-------+-------++-------
Melee: Dagger            |    96 |    58 |       ||   154
       Falchion          |       |    41 |    33 ||    74
       Punch             |       |       |     2 ||     2
  Use: Potion            |       |     4 |       ||     4
 Stab: Sleeping          |    19 |    22 |     4 ||    45
       Distracted        |       |     2 |       ||     2
       Invisible         |       |     1 |       ||     1
Armor: Robe              |     5 |     7 |     3 ||    15
Dodge: Dodged            |    44 |    62 |    21 ||   127

Table legend: (Time is in decaauts)
 A = Elapsed time spent in this place.
 B = Non-inter-level travel time spent in this place.
 C = Inter-level travel time spent in this place.
 D = Time resting spent in this place.
 E = Time spent auto-exploring this place.
 F = Levels seen in this place.
 G = Mean time per level.
                   A        B        C        D        E       F      G
               +--------+--------+--------+--------+--------+-----+--------+
         Total |   4802 |   4724 |     78 |    644 |   3525 |   4 | 1200.5 |
       Dungeon |   4802 |   4724 |     78 |    644 |   3525 |   4 | 1200.5 |
               +--------+--------+--------+--------+--------+-----+--------+

Top non-repeatable levels by time:
     D:2: 1420 daAuts
     D:1: 1400 daAuts
     D:3: 1100 daAuts
     D:4: 881 daAuts
